 Dungeon Crawl Stone Soup version 0.29-a0-1052-g6990b1bffc (webtiles) character file.

Game seed: 11012920909281713435

3746 inmateoo the Cleaver (level 9, -1/81 HPs)
             Began as a Minotaur Fighter on Aug 18, 2022.
             Was an Initiate of Gozag.
             Succumbed to Erica's bolt of poison
             ... on level 8 of the Dungeon.
             The game lasted 00:05:19 (6916 turns).

inmateoo the Cleaver (Minotaur Fighter)             Turns: 6916, Time: 00:05:19

Health: -1/81      AC: 14    Str: 24    XL:     9   Next: 93%
Magic:  8/8        EV:  8    Int:  5    God:    Gozag
Gold:   297        SH:  5    Dex: 11    Spells: 8/8 levels left

rFire   + + .      SeeInvis .   a - +1 war axe
rCold   . . .      Faith    .   c - +0 buckler
rNeg    . . .      Spirit   .   b - +0 plate armour
rPois   .          Reflect  .   (helmet restricted)
rElec   .          Harm     .   z - +0 cloak
rCorr   .          Rampage  .   (no gloves)
Will    .....                   (no boots)
Stlth   ..........              x - amulet of regeneration
HPRegen 1.03/turn               k - ring of protection from fire
MPRegen 0.11/turn               t - ring of protection from fire

@: lethally poisoned (-1 -> -7), about to teleport, slowed, very slow
A: horns 2, retaliatory headbutt
a: Renounce Religion, Potion Petition, Call Merchant, Bribe Branch


You were on level 8 of the Dungeon.
You worshipped Gozag.
Gozag was aware of your devotion.
You visited 1 branch of the dungeon, and saw 8 of its levels.

You collected 901 gold pieces.
You paid 604 gold pieces to Gozag.

Inventory:

Hand Weapons
 a - a +1 war axe (weapon)
Missiles
 v - 2 throwing nets (quivered)
Armour
 b - a +0 plate armour (worn)
 c - a +0 buckler (worn)
 z - a +0 cloak (worn)
Jewellery
 k - a ring of protection from fire (left hand)
 t - a ring of protection from fire (right hand)
 x - an amulet of regeneration (around neck)
Wands
 i - a wand of paralysis (2)
 s - a wand of flame (11)
Scrolls
 e - 3 scrolls of amnesia
 r - 2 scrolls of teleportation
 y - a scroll of fear
Potions
 d - a potion of might
 f - 2 potions of heal wounds
 g - a potion of attraction
 h - 2 potions of curing
 j - a potion of brilliance
 l - 3 potions of mutation {unknown}
 m - 2 potions of haste {unknown}
 p - a potion of lignification {unknown}
 q - a potion of invisibility {unknown}
 u - a potion of cancellation {unknown}
 w - 2 potions of flight {unknown}


   Skills:
 + Level 7.9 Fighting
 * Level 10.3 Axes
 + Level 7.9 Armour
 + Level 6.1 Dodging
 + Level 7.7 Shields


You had 8 spell levels left.
You didn't know any spells.
Your spell library contained the following spells:

 Spells                   Type           Power      Damage    Failure   Level
 Foxfire                  Conj/Fire      0%         2x1d4     100%        1
 Conjure Flame            Conj/Fire      0%         6-21      100%        3
 Frozen Ramparts          Ice            0%         1d1       100%        3
 Inner Flame              Hex/Fire       0%         N/A       100%        3
 Portal Projectile        Hex/Tloc       0%         N/A       100%        3
 Stone Arrow              Conj/Erth      0%         3d7       100%        3
 Tukima's Dance           Hex            0%         N/A       100%        3
 Anguish                  Hex/Necr       0%         N/A       100%        4
 Animate Armour           Summ/Erth      0%         N/A       100%        4
 Flame Wave               Conj/Fire      0%         2d4       100%        4
 Ice Form                 Ice/Tmut       0%         N/A       100%        4
 Summon Ice Beast         Ice/Summ       0%         N/A       100%        4
 Blade Hands              Tmut           0%         N/A       100%        5
 Enfeeble                 Hex            0%         N/A       100%        7
 Lehudib's Crystal Spear  Conj/Erth      0%         10d2      100%        8


Dungeon Overview and Level Annotations

Branches:
Dungeon (8/15)             Temple (0/1) D:6            Lair (0/5) D:8

Altars:
Dithmenos
Fedhas
Gozag
Kikubaaqudgha
Nemelex Xobeh
Qazlal
Ru
Trog
Uskayaw
Xom
Yredelemnul
Zin

Annotations:
D:8 2 runed translucent doors, Erica


Innate Abilities, Weirdness & Mutations

You have a pair of horns on your head.
You reflexively headbutt those who attack you in melee.


Message History

You are poisoned.
No target in view!
You slash something! Your headbutt misses something.
You feel very sick. Something hits you.
You closely miss something. Your headbutt misses something.
You feel sick.
You hear some strange, mumbled words.
You feel yourself slow down.
No target in view!
You barely miss something. You headbutt something!
You feel very sick. Something hits you! You block something's attack.
You are too injured to fight recklessly!
You slash something!
You feel sick. Something hits you!
You hear some strange, mumbled words.
A lance of force appears from out of thin air!
The lance of force hits you!
* * * LOW HITPOINT WARNING * * *
You are knocked back by the lance of force.
You slam into the rock wall!
* * * LOW HITPOINT WARNING * * *
You feel better.
You hear some strange, mumbled words.
You feel as though you will be slow longer.
You hear some strange, mumbled words.
You feel as though you will be slow longer.
Found 15 gold pieces.
As you read the scroll of teleportation, it crumbles to dust.
You feel strangely unstable.
You hear some strange, mumbled words.
You feel as though you will be slow longer.
Something hits you.
* * * LOW HITPOINT WARNING * * *
You hear some strange, mumbled words.
A bolt of poison appears from out of thin air!
The bolt of poison hits you!!
You are poisoned.
* * * LOW HITPOINT WARNING * * *
You die...
Your body crumbles into a pile of gold.

##............
##..######..###
.#######..##
#### ..........#
.#######..#
..##..# #.##..#
#.##..##
#@##...###+#
#####.##.#.....#
#......{.#.##.##
# #........##.#
# #
#..###.#.##.. .+
#. #.#.#..# .+ #
#.#.#.## #
#..... $ ......


There were no monsters in sight!

Vanquished Creatures
  Maurice (D:8)
  A troll (D:8)
  A wraith (D:8)
  2 wyverns
  3 ice beasts
  A water moccasin (D:7)
  An orc warrior (D:8)
  3 sky beasts
  A black bear (D:5)
  2 ogres
  A wolf (D:8)
  A phantom (D:5)
  A necrophage (D:7)
  2 bullfrogs
  2 gnoll sergeants (D:6)
  A scorpion (D:4)
  4 electric eels (D:8)
  3 howler monkeys (D:8)
  2 jellies
  4 orc priests
  A gnoll bouda (D:6)
  6 hounds
  Jessica (D:3)
  4 iguanas
  Ijyb (D:5)
  4 orc wizards
  4 adders
  18 gnolls
  A white imp (D:6)
  3 ufetubi
  2 worms
  9 orcs
  4 endoplasms
  A giant cockroach (D:2)
  2 goblins
  8 hobgoblins
  5 quokkas
  7 ball pythons
  5 bats
  2 frilled lizards (D:3)
  A kobold (D:4)
  2 rats
128 creatures vanquished.

Vanquished Creatures (others)
  A wolf (D:8)
  2 plants (D:1)
3 creatures vanquished.

Grand Total: 131 creatures vanquished

Notes
Turn   | Place    | Note
-------+----------+-------------------------------------------
     0 | D:1      | inmateoo the Minotaur Fighter began the quest for the Orb.
     0 | D:1      | Reached XP level 1. HP: 19/19 MP: 0/0
   244 | D:1      | Reached XP level 2. HP: 20/27 MP: 1/1
  1076 | D:2      | Reached skill level 3 in Axes
  1129 | D:2      | Found a faded altar of an unknown god.
  1606 | D:3      | Reached skill level 1 in Dodging
  1606 | D:3      | Reached XP level 3. HP: 32/33 MP: 2/2
  1704 | D:3      | Noticed Jessica
  1710 | D:3      | Killed Jessica
  1870 | D:3      | Reached XP level 4. HP: 38/40 MP: 3/3
  2252 | D:4      | Reached skill level 4 in Axes
  2465 | D:4      | Noticed a scorpion
  2472 | D:4      | Killed a scorpion
  2473 | D:4      | Reached XP level 5. HP: 31/47 MP: 4/4
  2864 | D:4      | Noticed an ogre
  2871 | D:4      | Killed an ogre
  3375 | D:5      | Entered Level 5 of the Dungeon
  3375 | D:5      | Found a shimmering altar of Xom.
  3379 | D:5      | Reached XP level 6. HP: 53/53 MP: 5/5
  3406 | D:5      | Found a basalt altar of Yredelemnul.
  3464 | D:5      | Reached skill level 5 in Axes
  3472 | D:5      | Found a stormy altar of Qazlal.
  3484 | D:5      | Reached skill level 5 in Armour
  3490 | D:5      | Reached skill level 5 in Fighting
  3809 | D:5      | Reached skill level 5 in Shields
  3809 | D:5      | Reached XP level 7. HP: 43/61 MP: 6/6
  3937 | D:5      | Reached skill level 6 in Axes
  4015 | D:5      | Noticed Ijyb
  4016 | D:5      | Found a shadowy altar of Dithmenos.
  4030 | D:5      | Killed Ijyb
  4141 | D:5      | Found a glowing silver altar of Zin.
  4141 | D:5      | Noticed an angel
  4430 | D:6      | Found an opulent altar of Gozag.
  4599 | D:6      | Found a sacrificial altar of Ru.
  4609 | D:6      | Became a worshipper of Gozag Ym Sagoz the Greedy
  4752 | D:6      | Found a blossoming altar of Fedhas.
  4816 | D:6      | Reached XP level 8. HP: 62/70 MP: 7/7
  4832 | D:6      | Reached skill level 7 in Axes
  5258 | D:6      | Found a hide-covered altar of Uskayaw.
  5296 | D:6      | Found a sparkling altar of Nemelex Xobeh.
  5296 | D:6      | Found a bloodstained altar of Trog.
  5333 | D:6      | Found a staircase to the Ecumenical Temple.
  5669 | D:6      | Found a sacrificial altar of Ru.
  5816 | D:7      | Reached skill level 8 in Axes
  6098 | D:7      | Reached XP level 9. HP: 78/78 MP: 8/8
  6186 | D:7      | Reached skill level 5 in Dodging
  6407 | D:7      | Found an ancient bone altar of Kikubaaqudgha.
  6562 | D:8      | Noticed a troll
  6575 | D:8      | Killed a troll
  6576 | D:8      | Reached skill level 9 in Axes
  6773 | D:8      | Noticed Maurice
  6776 | D:8      | Reached skill level 10 in Axes
  6802 | D:8      | Killed Maurice
  6831 | D:8      | Found a staircase to the Lair.
  6859 | D:8      | Found a large runed translucent door.
  6861 | D:8      | Found a large runed translucent door.
  6902 | D:8      | Noticed Erica
  6915 | D:8      | HP: 2/81 [something/bolt of poison (19)]
  6916 | D:8      | Succumbed to Erica's bolt of poison

Illustrated notes

Levels and vault maps discovered:
D:1:      spicycebolla_green_bress_n_ham_2, layout_loops_cross, serial_forest,
          infiniplex_forest_clump_C, infiniplex_forest_straight_3,
          infiniplex_forest_lined_room_2, infiniplex_forest_join,
          infiniplex_forest_straight_2, infiniplex_forest_clump_double,
          infiniplex_forest_clump_long
D:2:      layout_basic, dreamdust_ecumenical_altar_angels_and_demons
D:3:      layout_loops_ring, uniq_jessica
D:4:      layout_cave_pools, kennysheep_donut, kennysheep_generic_room_9
D:5:      layout_gridville, yredelemnul_altar_generic,
          mainiacjoe_overflow_concentric_impassable,
          nicolae_overflow_crystal_walls, zin_angel, xom_teletrap_fun,
          minmay_stone_trees_medium, uniq_ijyb
D:6:      layout_cave_pools, lemuel_crystal_altar, nicolae_ru_path_of_blood,
          gammafunk_temple_overflow_statue, overflow_temple_1_default,
          temple_hall, kennysheep_path_1, hangedman_feature_mirror,
          nicolae_sextant
D:7:      layout_cave_pools, kiku_gazebo_garden_becter
D:8:      layout_loops_ring, erik_lair_island, minmay_hollow_rounded_squares,
          uniq_maurice, uniq_joseph, uniq_erica

Skill      XL: |  1  2  3  4  5  6  7  8  9 |
---------------+----------------------------+-----
Axes           | 3 4 5 6 8 10 | 10.3
Dodging        | 1 2 3 4 6 |  6.1
Fighting       | 4 5 6 7 |  7.9
Armour         | 4 5 6 7 |  7.9
Shields        | 4 5 6 7 |  7.7

Action                   |  1- 3 |  4- 6 |  7- 9 || total
-------------------------+-------+-------+-------++-------
Melee: War axe           |    53 |    87 |   265 ||   405
       Headbutt          |     4 |    15 |    51 ||    70
Invok: Potion Petition   |       |       |     1 ||     1
Evoke: Wand              |       |       |    11 ||    11
  Use: Scroll            |       |     9 |     5 ||    14
       Potion            |       |       |     1 ||     1
 Stab: Paralysed         |       |       |     4 ||     4
       Distracted        |       |       |     1 ||     1
Armor: Scale mail        |     7 |       |       ||     7
       Chain mail        |    14 |    15 |       ||    29
       Plate armour      |       |    30 |   105 ||   135
       Skin              |       |       |     6 ||     6
Dodge: Dodged            |    25 |    27 |    78 ||   130
Block: Buckler           |    10 |    35 |    97 ||   142
       Reflection        |       |       |     2 ||     2

Table legend: (Time is in decaauts)
 A = Elapsed time spent in this place.
 B = Non-inter-level travel time spent in this place.
 C = Inter-level travel time spent in this place.
 D = Time resting spent in this place.
 E = Time spent auto-exploring this place.
 F = Levels seen in this place.
 G = Mean time per level.
                   A        B        C        D        E       F      G
               +--------+--------+--------+--------+--------+-----+--------+
         Total |   7014 |   6876 |    138 |   1996 |   3811 |   8 |  876.8 |
       Dungeon |   7014 |   6876 |    138 |   1996 |   3811 |   8 |  876.8 |
               +--------+--------+--------+--------+--------+-----+--------+

Top non-repeatable levels by time:
     D:5: 1227 daAuts
     D:6: 1164 daAuts
     D:4: 1159 daAuts
     D:1: 1024 daAuts
     D:7: 751 daAuts
     D:3: 649 daAuts
     D:2: 581 daAuts
     D:8: 456 daAuts
